 Dungeon Crawl Stone Soup version 0.21.1-1-g345015fe64 (webtiles) character file.

218257 Lavandula the Severer (level 17, -15/152 HPs)
             Began as a Deep Dwarf Transmuter on May 27, 2018.
             Was the Champion of Makhleb.
             Killed from afar by a deep elf annihilator (78 damage)
             ... with a crystal spear
             ... led by an ironheart preserver
             ... on level 2 of the Vaults.
             The game lasted 02:29:48 (16492 turns).

Lavandula the Severer (Deep Dwarf Transmuter)      Turns: 16492, Time: 02:29:49

Health: -15/152    AC: 30    Str: 22    XL:     17   Next: 97%
Magic:  25/25      EV: 14    Int: 14    God:    Makhleb [******]
Gold:   967        SH:  0    Dex: 16    Spells: 4/34 levels left

rFire    . . .     SeeInvis +   H - +2 battleaxe (vamp)
rCold    . . .     Gourm    .   (shield currently unavailable)
rNeg     + + .     Faith    +   Y - +6 storm dragon scales of Eternity {+Fly rElec Str+5 Int-3}
rPois    .         Spirit   .   e - +2 helmet
rElec    +         Reflect  .   R - +0 cloak
rCorr    .         Harm     .   O - +1 pair of gloves {archery}
MR       ++...     Clarity  +   (no boots)
Stlth    ..........             N - amulet of faith
HPRegen  0.00/turn              u - ring of wizardry
MPRegen  0.19/turn              Z - ring of Xom's Absentmindedness {rN+ Dex+2 SInv}

@: lethally poisoned (-15 -> -15), non-regenerating
A: damage resistance, heal wounds, iridescent scales 1, camouflage 1, blink,
clarity, negative energy resistance 1, sense surroundings 2, no regeneration
}: 2/15 runes: decaying, gossamer
a: Heal Wounds, Blink, Minor Destruction, Lesser Servant of Makhleb, Major
Destruction, Greater Servant of Makhleb, Renounce Religion, Evoke Flight


You were on level 2 of the Vaults.
You worshipped Makhleb.
Makhleb was exalted by your worship.
You were not hungry.

You visited 7 branches of the dungeon, and saw 33 of its levels.
You also visited: Labyrinth, Sewer and Wizlab.

You collected 2880 gold pieces.
You spent 1913 gold pieces at shops.

Inventory:

Hand Weapons
 f - the +6 mace "Earthworm" {protect, Dex+3}
   (You found it on level 5 of the Dungeon)

   It protects the one who uses it against injury (+AC on strike).
   It affects your dexterity (+3).
 j - a +0 blowgun
 l - a +2 battleaxe of flaming
 t - a +4 battleaxe of electrocution
 H - a +2 vampiric battleaxe (weapon)
Missiles
 q - 5 curare-tipped needles
 s - a throwing net
 D - 41 tomahawks (quivered)
Armour
 e - a +2 helmet (worn)
 m - a +2 robe of fire resistance
 w - +0 acid dragon scales
 O - a +1 pair of gloves of archery (worn)
 R - a +0 cloak (worn)
 Y - the +6 storm dragon scales of Eternity (worn) {+Fly rElec Str+5 Int-3}
   (You found it in a labyrinth)

   It affects your strength (+5).
   It affects your intelligence (-3).
   It insulates you from electricity.
   It lets you fly.
Magical Staves
 v - an uncursed staff of energy
Jewellery
 i - an uncursed ring of magical power
 u - a ring of wizardry (left hand)
 N - an amulet of faith (around neck)
 T - an uncursed ring of protection from magic
 V - the ring "Xuplar" {rF++ SInv}
   (You found it in a wizard's laboratory)

   [ring of see invisible]

   It greatly protects you from fire.
   It lets you see invisible.
 Z - the ring of Xom's Absentmindedness (right hand) {rN+ Dex+2 SInv}
   (You found it in a labyrinth)

   [ring of see invisible]

   It affects your dexterity (+2).
   It protects you from negative energy.
   It lets you see invisible.
Wands
 b - a wand of clouds (7)
 h - a wand of flame (44)
 x - a wand of enslavement (4)
 E - a wand of random effects (99)
 K - a wand of iceblast (42)
 P - a wand of disintegration (28)
 S - a wand of paralysis (25)
 U - a wand of digging (10)
Scrolls
 a - 9 scrolls of summoning {summoning}
 c - 3 scrolls of fear
 g - 2 scrolls of blinking
 n - 2 scrolls of vulnerability
 p - 4 scrolls of teleportation
 B - 2 scrolls of magic mapping
 C - a scroll of immolation
 I - 3 scrolls of fog
 M - 4 scrolls of remove curse
Potions
 k - 16 potions of mutation
 o - 2 potions of curing
 r - 7 potions of agility
 z - a potion of flight
 A - 4 potions of lignification
 F - 7 potions of ambrosia
 G - 3 potions of haste
 J - a potion of magic
 L - a potion of invisibility
 W - 2 potions of cancellation
 X - 4 potions of might
Books
 y - a book of the Earth

   Spells                             Type                      Level
   a - Leda's Liquefaction            Hexes/Earth                  4
   b - Bolt of Magma                  Conjuration/Fire/Earth       5
   c - Statue Form                    Transmutation/Earth          6
   d - Iron Shot                      Conjuration/Earth            6
   e - Shatter                        Earth                        9
 Q - Cigotuvi's Collected Works on Doomed Transmigration
   (You found it in a wizard's laboratory)

   Spells                             Type                      Level
   a - Corpse Rot                     Necromancy                   2
   b - Bolt of Draining               Conjuration/Necromancy       5
   c - Irradiate                      Conjuration/Transmutation    5
   d - Blade Hands                    Transmutation                5
   e - Death Channel                  Necromancy                   6
Comestibles
 d - 32 rations


   Skills:
 - Level 9.8 Fighting
 - Level 19.2 Axes
 - Level 5.1 Throwing
 - Level 11.6 Armour
 - Level 10.0 Dodging
   Level 5.0 Shields
 - Level 3.2 Unarmed Combat
 - Level 9.2 Spellcasting
 - Level 9.2 Translocations
 + Level 9.5 Transmutations
 + Level 10.3 Earth Magic
 - Level 8.4 Invocations
 - Level 8.3 Evocations


You had 4 spell levels left.
You knew the following spells:

 Your Spells              Type           Power        Failure   Level  Hunger
a - Beastly Appendage     Tmut           ####..       1%          1    None
b - Sticks to Snakes      Tmut           ####....     1%          2    None
c - Iron Shot             Conj/Erth      ###.......   98%         6    #######
d - Blink                 Tloc           N/A          1%          2    None
e - Summon Butterflies    Summ           #.......     26%         1    None
f - Summon Lightning Spi  Summ/Air       #.......     91%         4    ####...
g - Apportation           Tloc           ####..       1%          1    None
h - Swiftness             Chrm/Air       #.......     34%         2    None
i - Statue Form           Tmut/Erth      ####.....    52%         6    #######
j - Borgnjor's Vile Clut  Necr/Erth      ###.......   58%         5    #####..


Dungeon Overview and Level Annotations

Branches:
Dungeon (14/15)            Temple (1/1) D:5            Lair (6/6) D:11
  Swamp (4/4) Lair:4       Spider (4/4) Lair:3          Orc (2/2) D:11
    Elf (0/3) Orc:2        Vaults (2/5) D:13
  Slime: Lair:5-6     Crypt: Vaults:2-3

Altars:
Cheibriados
Dithmenos
Elyvilon
Fedhas
Gozag
Makhleb
Okawaru
Qazlal
Ru
Sif Muna
Trog
Wu Jian
Xom
Yredelemnul
Zin
The Shining One

Shops:
D:9 }   Orc:2 *:([   Vaults:1 (*?:}

Portals:
Bazaar: Vaults:2

Annotations:
D:10 exclusion: two-headed ogre
Swamp:4 Bai Suzhen
Spider:4 Arachne


Innate Abilities, Weirdness & Mutations

You are resistant to damage.
You can heal yourself by infusing magical energy.
You resist negative energy. (rN+)
You passively map the area around you.
You do not regenerate.
You are partially covered in iridescent scales. (AC +2)
Your skin changes colour to match your surroundings (Stealth+).
You can translocate small distances at will.
You possess an exceptional clarity of mind.


Message History

You hit the deep elf annihilator.
You feel better.
The deep elf annihilator is moderately wounded.
Unknown command.
You slice the deep elf annihilator like a ripe choko!!!
The deep elf annihilator is almost dead.
The deep elf annihilator gestures at you while chanting.
The iron shot hits you!
* * * LOW HITPOINT WARNING * * *
Unknown command.
Okay, then.
You feel much better.
The deep elf annihilator gestures at you while chanting.
The bolt of lightning hits you! You resist.
Unknown command.
You closely miss the deep elf annihilator.
The deep elf annihilator is almost dead.
The deep elf annihilator casts a spell at you.
The crystal spear hits you!
Ouch! That really hurt!
You die...

((#.....# ****...##***,,***,,,**
))()....# *,,,.<..,,**,,,******,
..#(....# ***#...******,,,,***,*
###.....# ##..#,,** **,,,,,,** #
#.....# #..#**,,* **,,,,,,,
###.....#####'##########******+*+
)##.....................,,,,,,,,,
([+...(.)...............,,,,,,,,,
[##.............@.......,,,,,,,,,
([(..............e......,,,,,,,,,
.##.....................,,,,,,,,,
########'###############*********
########......##
......##.#..#..##
......##....#...## *******
......##....###..## #......
<.....##.###..#...# #......


You could see a deep elf annihilator.

Vanquished Creatures
  A mutant beast (WizLab)
  A sphinx (Vaults:2)
  Kirke (Swamp:4)
  7 vault wardens
  2 orc warlords (Orc:2)
  2 emperor scorpions (Spider:4)
  2 ghost moths (Spider:4)
  4 very ugly things (WizLab)
  2 stone giants (Vaults:2)
  3 ironheart preservers
  2 entropy weavers (Spider:4)
  A deep elf annihilator (Vaults:1)
  An ettin (Vaults:2)
  A minotaur (Lab)
  3 ogre magi
  A yaktaur captain (Vaults:1)
  4 vault guards (D:13)
  3 catoblepae (Lair:6)
  Erolcha (D:9)
  14 hydras
  The ghost of Dickchan the Grappler, a journeyman DrTm of the Shining One (D:11)
  3 centaur warriors (Vaults:1)
  A death knight (Vaults:2)
  12 two-headed ogres
  3 alligators
  24 death yaks
  5 orc high priests
  3 deep elf knights (D:13)
  An iron golem (WizLab)
  3 skeletal warriors (Vaults:1)
  A shambling mangrove (Swamp:3)
  2 wizards
  2 deep elf archers
  An unseen horror (Vaults:1)
  2 ironbrand convokers (Vaults:2)
  7 swamp dragons
  2 necromancers (D:13)
  7 orc knights
  15 ugly things
  12 orb spiders
  25 wolf spiders
  An orb spider (shapeshifter) (WizLab)
  6 orc sorcerers (Orc:2)
  8 deep elf magi
  A moth of wrath (Spider:4)
  2 manticores (shapeshifter)
  A manticore (Lair:6)
  2 cyclopes
  3 black mambas
  5 elephants (Lair:6)
  5 vault sentinels
  12 spiny frogs
  2 black mambas (shapeshifter)
  Psyche (D:11)
  2 torpor snails
  An ice statue (Vaults:2)
  A rime drake (shapeshifter) (WizLab)
  2 komodo dragons
  2 rime drakes
  7 demonic crawlers
  2 queen bees (shapeshifter) (WizLab)
  20 yaktaurs
  A meliai (shapeshifter) (Vaults:2)
  15 jumping spiders
  A jumping spider (shapeshifter) (WizLab)
  2 polar bears (Lair:5)
  9 trolls
  A hornet (shapeshifter) (WizLab)
  A troll (shapeshifter) (WizLab)
  A wind drake (shapeshifter) (WizLab)
  A blink frog (shapeshifter) (WizLab)
  16 slime creatures
  13 hornets
  A snapping turtle (shapeshifter) (WizLab)
  A raiju (shapeshifter) (WizLab)
  A dream sheep (shapeshifter) (WizLab)
  4 blink frogs (Lair:6)
  7 hippogriffs
  7 bog bodies
  2 dream sheep (Lair:4)
  A tarantella (shapeshifter) (WizLab)
  A wyvern (shapeshifter) (WizLab)
  2 spriggans
  31 yaks
  28 redbacks
  2 shadows
  A basilisk (Lair:5)
  20 tarantellas
  A hog (shapeshifter) (WizLab)
  A wraith (Vaults:1)
  A basilisk (shapeshifter) (WizLab)
  A golden eye (shapeshifter) (WizLab)
  2 hogs (Swamp:4)
  18 humans (D:13)
  A yak (shapeshifter) (WizLab)
  3 vampire mosquitoes (Swamp:2)
  Edmund (D:5)
  Menkaure (D:5)
  5 wargs
  3 insubstantial wisps (Swamp:2)
  3 acid dragons
  3 swamp worms
  A soldier ant (shapeshifter) (WizLab)
  5 water moccasins
  A water moccasin (shapeshifter) (WizLab)
  7 large abominations (WizLab)
  4 floating eyes (WizLab)
  2 black bears (shapeshifter)
  7 porcupines
  10 swamp drakes
  39 orc warriors
  A sky beast (shapeshifter) (WizLab)
  3 phantoms
  2 necrophages
  2 ice beasts (D:6)
  4 small abominations (WizLab)
  13 ogres
  11 wolves
  An ogre (shapeshifter) (WizLab)
  5 boggarts (Vaults:2)
  3 centaurs (D:7)
  10 crocodiles
  A big kobold (shapeshifter) (WizLab)
  A big kobold (D:6)
  9 bullfrogs
  A gnoll sergeant (D:6)
  A scorpion (D:9)
  A water moccasin skeleton (D:6)
  3 killer bees (D:5)
  5 howler monkeys (D:8)
  6 wights
  A vampire bat (Lair:2)
  4 electric eels
  A crimson imp (D:6)
  3 centaur zombies
  4 jellies
  5 hounds
  13 orc priests
  A gnoll shaman (D:8)
  17 orc wizards
  Terence (D:3)
  4 iguanas
  10 worker ants
  A hound zombie (D:8)
  A worker ant zombie (D:6)
  16 gnolls
  9 adders
  4 river rats (Sewer)
  6 oozes
  A worm (D:3)
  5 adder skeletons
  3 adder zombies
  A dart slug (D:4)
  5 leopard geckos
  59 orcs
  5 giant cockroaches
  A goblin (D:3)
  2 hobgoblins (D:3)
  35 kobolds
  4 quokkas
  6 ball pythons
  10 bats
  2 frilled lizards
  A jackal zombie (D:5)
  11 rats (Sewer)
  A crawling corpse (Spider:2)
  6 fungi
  11 plants
917 creatures vanquished.

Vanquished Creatures (collateral kills)
  the Lernaean hydra (Swamp:4)
  An emperor scorpion (Spider:1)
  An entropy weaver (Spider:4)
  A stone giant (Orc:2)
  A spark wasp (Spider:4)
  3 hydras (Swamp:4)
  A queen ant (Spider:4)
  A swamp dragon (Swamp:4)
  2 orb spiders (Spider:4)
  A black mamba (shapeshifter) (WizLab)
  2 trolls (Orc:2)
  A hippogriff (D:11)
  4 tarantellas (Spider:4)
  5 redbacks (Spider:4)
  2 small abominations (WizLab)
  A soldier ant (Spider:4)
  An orc warrior (Orc:2)
  2 wolves (D:11)
  A hound (D:11)
  An orc priest (Orc:2)
  2 adders
  A river rat (Sewer)
  3 kobolds (Sewer)
  6 rats (Sewer)
45 creatures vanquished.

Vanquished Creatures (others)
  A deep elf knight (Vaults:1)
  An orb spider (Spider:4)
  A wolf spider (Spider:1)
  A yaktaur (Vaults:2)
  3 jumping spiders (Spider:1)
  2 tarantellas
  A redback (Spider:4)
  A spriggan (Swamp:4)
  A hog (Swamp:4)
  4 fungi
  2 plants
18 creatures vanquished.

Grand Total: 980 creatures vanquished

Notes
Turn   | Place    | Note
-------+----------+-------------------------------------------
     0 | D:1      | Lavandula the Deep Dwarf Transmuter began the quest for the Orb.
     0 | D:1      | Reached XP level 1. HP: 16/16 MP: 3/3
   212 | D:3      | Reached XP level 2. HP: 22/24 MP: 4/4
   216 | D:3      | Learned a level 2 spell: Sticks to Snakes
   229 | D:3      | Noticed Terence
   256 | D:3      | Reached skill level 1 in Fighting
   428 | D:3      | Found a glowing drain.
   461 | Sewer    | Entered a sewer
   497 | Sewer    | Reached XP level 3. HP: 24/32 MP: 5/5
   613 | Sewer    | Reached XP level 4. HP: 20/39 MP: 8/8
   914 | Sewer    | Learned a level 3 spell: Spider Form
  1025 | D:3      | Killed Terence
  1025 | D:3      | Reached XP level 5. HP: 38/48 MP: 9/9
  1132 | D:4      | Noticed a phantom
  1135 | D:4      | Reached skill level 1 in Axes
  1154 | D:4      | Killed a phantom
  1154 | D:4      | Reached skill level 3 in Axes
  1344 | D:4      | Found a shimmering altar of Xom.
  1417 | D:4      | Reached XP level 6. HP: 27/55 MP: 10/10
  1899 | D:4      | Found a glowing golden altar of the Shining One.
  1972 | D:4      | Reached skill level 4 in Axes
  2070 | D:5      | Entered Level 5 of the Dungeon
  2135 | D:5      | Got a faintly glowing mace
  2140 | D:5      | Identified the +6 mace "Earthworm" {protect, Dex+3} (You found it on level 5 of the Dungeon)
  2171 | D:5      | Noticed Edmund
  2187 | D:5      | Killed Edmund
  2187 | D:5      | Reached skill level 5 in Axes
  2330 | D:5      | Reached XP level 7. HP: 39/61 MP: 11/11
  2331 | D:5      | Reached skill level 6 in Axes
  2417 | D:5      | Found a staircase to the Ecumenical Temple.
  2423 | Temple   | Entered the Ecumenical Temple
  2456 | Temple   | Became a worshipper of Makhleb the Destroyer
  2523 | D:5      | Noticed Menkaure
  2527 | D:5      | Killed Menkaure
  2527 | D:5      | Reached skill level 7 in Axes
  2603 | D:5      | Found an opulent altar of Gozag.
  2603 | D:5      | Found a white marble altar of Elyvilon.
  2682 | D:5      | Found a stormy altar of Qazlal.
  2685 | D:5      | Found an iron altar of Okawaru.
  2687 | D:5      | Found a bloodstained altar of Trog.
  2849 | D:6      | Reached skill level 8 in Axes
  2862 | D:6      | Reached XP level 8. HP: 34/68 MP: 12/12
  2864 | D:6      | Reached skill level 9 in Axes
  2888 | D:6      | Reached * piety under Makhleb
  3041 | D:6      | Reached skill level 10 in Axes
  3510 | D:7      | Noticed a hornet
  3520 | D:7      | Paralysed by a hornet for 2 turns
  3524 | D:7      | Killed a hornet
  3524 | D:7      | Reached skill level 11 in Axes
  3524 | D:7      | Gained mutation: You passively map the area around you. [Deep Dwarf growth]
  3524 | D:7      | Reached XP level 9. HP: 40/74 MP: 13/13
  3546 | D:7      | Reached ** piety under Makhleb
  3669 | D:6      | Found a sacrificial altar of Ru.
  3875 | D:7      | Reached skill level 5 in Evocations
  4169 | D:9      | Noticed a two-headed ogre
  4194 | D:9      | Killed a two-headed ogre
  4194 | D:9      | Reached skill level 5 in Shields
  4327 | D:8      | Reached skill level 1 in Throwing
  4372 | D:8      | Reached *** piety under Makhleb
  4372 | D:8      | Reached XP level 10. HP: 80/82 MP: 16/16
  4400 | D:8      | Reached skill level 1 in Invocations
  4613 | D:9      | Noticed Erolcha
  4643 | D:9      | Killed Erolcha
  4673 | D:9      | Found Lose's Gadget Shoppe.
  4688 | D:9      | Bought a wand of paralysis (13) for 225 gold pieces
  4885 | D:10     | Entered Level 10 of the Dungeon
  4962 | D:10     | Noticed a two-headed ogre
  5048 | D:10     | Noticed a two-headed ogre
  5070 | D:10     | Killed a two-headed ogre
  5070 | D:10     | Reached skill level 5 in Dodging
  5129 | D:10     | Noticed a two-headed ogre
  5136 | D:10     | Killed a two-headed ogre
  5228 | D:10     | Reached **** piety under Makhleb
  5259 | D:10     | Reached skill level 5 in Fighting
  5443 | D:11     | Found a staircase to the Orcish Mines.
  5449 | D:11     | Noticed Psyche
  5459 | D:11     | Killed Psyche
  5459 | D:11     | Reached XP level 11. HP: 97/97 MP: 17/17
  5486 | Orc:1    | Entered Level 1 of the Orcish Mines
  5567 | Orc:1    | Noticed an orc knight
  5614 | Orc:1    | Killed an orc knight
  5614 | Orc:1    | Reached skill level 12 in Axes
  5699 | Orc:2    | Entered Level 2 of the Orcish Mines
  5699 | Orc:2    | Found a labyrinth entrance.
  5712 | Lab      | Entered a labyrinth
  5898 | Lab      | Noticed a minotaur
  5914 | Lab      | Killed a minotaur
  5934 | Lab      | Got a scorched lapis lazuli ring
  5939 | Lab      | Got brightly glowing storm dragon scales
  5950 | Lab      | Identified the +6 storm dragon scales of Eternity {+Fly rElec Str+5 Int-3} (You found it in a labyrinth)
  5953 | Lab      | Identified the ring of Xom's Absentmindedness {rN+ Dex+2 SInv} (You found it in a labyrinth)
  5971 | Orc:2    | Noticed an orc sorcerer
  5986 | Orc:2    | Killed an orc sorcerer
  5999 | Orc:2    | Noticed an orc sorcerer
  6005 | Orc:2    | Killed an orc sorcerer
  6072 | Orc:2    | Noticed an orc sorcerer
  6078 | Orc:2    | Reached ***** piety under Makhleb
  6079 | Orc:2    | Noticed an orc sorcerer
  6079 | Orc:2    | Found Woffa's Antique Weapon Shoppe.
  6083 | Orc:2    | Killed an orc sorcerer
  6083 | Orc:2    | Reached skill level 5 in Armour
  6086 | Orc:2    | Killed an orc sorcerer
  6113 | Orc:2    | Bought a glowing battleaxe for 247 gold pieces
  6115 | Orc:2    | Learned a level 1 spell: Apportation
  6117 | Orc:2    | Learned a level 1 spell: Summon Butterflies
  6141 | Orc:2    | Noticed an orc knight
  6172 | Orc:2    | Killed an orc knight
  6199 | Orc:2    | Found Luicecoz's General Store.
  6202 | Orc:2    | Noticed an orc high priest
  6217 | Orc:2    | Killed an orc high priest
  6222 | Orc:2    | Bought a scroll of enchant armour for 90 gold pieces
  6222 | Orc:2    | Bought a potion of heal wounds for 60 gold pieces
  6313 | Orc:2    | Noticed an orc sorcerer
  6319 | Orc:2    | Noticed a stone giant
  6327 | Orc:2    | Killed an orc sorcerer
  6333 | Orc:2    | Killed a stone giant
  6351 | Orc:2    | Noticed an orc warlord
  6404 | Orc:2    | Noticed an orc high priest
  6420 | Orc:2    | Reached XP level 12. HP: 50/105 MP: 18/18
  6435 | Orc:2    | Found Zyevou's Antique Armour Shop.
  6447 | Orc:2    | Killed an orc high priest
  6463 | Orc:2    | Found a staircase to the Elven Halls.
  6469 | Orc:2    | Bought a pair of glowing gloves for 232 gold pieces
  6536 | Orc:2    | Noticed an orc warlord
  6552 | Orc:2    | Reached skill level 10 in Armour
  6563 | Orc:2    | Noticed an orc high priest
  6577 | Orc:2    | Noticed an orc high priest
  6590 | Orc:2    | Killed an orc high priest
  6650 | Orc:2    | Killed an orc warlord
  6679 | Orc:2    | Found Badaniam's Book Shoppe.
  6695 | Orc:2    | Killed an orc high priest
  6845 | Orc:2    | Killed an orc warlord
  7165 | Orc:2    | Bought a book of Minor Magic for 260 gold pieces
  7168 | Orc:2    | Learned a level 2 spell: Blink
  7230 | D:11     | Noticed Dickchan's ghost (journeyman DrTm)
  7245 | D:11     | Killed Dickchan's ghost
  7315 | D:11     | Found a staircase to the Lair.
  7326 | D:11     | Reached skill level 13 in Axes
  7349 | Lair:1   | Entered Level 1 of the Lair of Beasts
  7668 | Lair:3   | Noticed a death yak
  7670 | Lair:3   | Noticed a death yak
  7677 | Lair:3   | Reached XP level 13. HP: 118/118 MP: 19/19
  7688 | Lair:3   | Reached skill level 14 in Axes
  7729 | Lair:4   | Found a staircase to the Swamp.
  7811 | Lair:4   | Reached ****** piety under Makhleb
  8394 | Lair:4   | Got a transparent war axe
  8395 | Lair:4   | Identified the +3 war axe "Bicw" {chop, rC+ Dex-4 Stlth+} (You found it on level 4 of the Lair of Beasts)
  8413 | Lair:4   | Reached skill level 5 in Translocations
  8530 | Lair:5   | Reached skill level 5 in Spellcasting
  8781 | Lair:5   | Gained mutation: You resist negative energy. (rN+) [Deep Dwarf growth]
  8781 | Lair:5   | Reached XP level 14. HP: 129/129 MP: 22/24
  8790 | Lair:6   | Entered Level 6 of the Lair of Beasts
  9512 | Lair:6   | Learned a level 4 spell: Summon Lightning Spire
  9613 | Swamp:1  | Entered Level 1 of the Swamp
  9800 | Swamp:4  | Entered Level 4 of the Swamp
  9950 | Swamp:4  | Noticed Kirke
  9990 | Swamp:4  | Killed Kirke
 10092 | Swamp:4  | Reached skill level 15 in Axes
 10206 | Swamp:4  | Reached XP level 15. HP: 44/135 MP: 28/28
 10288 | Swamp:4  | Noticed the 27-headed Lernaean hydra
 10310 | Swamp:4  | Killed the 27-headed Lernaean hydra
 10434 | Swamp:4  | Reached skill level 16 in Axes
 10548 | Swamp:4  | Got a decaying rune of Zot
 10608 | Swamp:4  | Noticed Bai Suzhen
 10941 | Lair:3   | Found a hole to the Spider Nest.
 10954 | Spider:1 | Entered Level 1 of the Spider Nest
 11075 | Spider:1 | Reached skill level 17 in Axes
 11260 | Spider:1 | Learned a level 2 spell: Swiftness
 11737 | Spider:3 | Gained mutation: You are dopey. (Int -2) [potion of mutation]
 11737 | Spider:3 | Gained mutation: You are partially covered in iridescent scales. (AC +2) [potion of mutation]
 11766 | Spider:3 | Lost mutation: You are partially covered in iridescent scales. (AC +2) [potion of mutation]
 11766 | Spider:3 | Gained mutation: You have sharp toenails. [potion of mutation]
 11766 | Spider:3 | Gained mutation: You have razor-sharp toenails. [potion of mutation]
 11767 | Spider:3 | Lost mutation: You have razor-sharp toenails. [potion of mutation]
 11767 | Spider:3 | Lost mutation: You have sharp toenails. [potion of mutation]
 11767 | Spider:3 | Gained mutation: You expend magic power (3 MP) to strengthen your wands. [potion of mutation]
 11767 | Spider:3 | Gained mutation: Your skin changes colour to match your surroundings (Stealth+). [potion of mutation]
 11767 | Spider:3 | Gained mutation: You passively map a large area around you. [potion of mutation]
 11768 | Spider:3 | Lost mutation: You are dopey. (Int -2) [potion of mutation]
 11768 | Spider:3 | Lost mutation: You expend magic power (3 MP) to strengthen your wands. [potion of mutation]
 11768 | Spider:3 | Gained mutation: You occasionally shout uncontrollably at your foes. [potion of mutation]
 11768 | Spider:3 | Gained mutation: You are covered in fur. (AC +1) [potion of mutation]
 11768 | Spider:3 | Gained mutation: You are surrounded by a mild repulsion field. (EV +2) [potion of mutation]
 11810 | Spider:4 | Entered Level 4 of the Spider Nest
 11909 | Spider:4 | Learned a level 6 spell: Statue Form
 11979 | Spider:4 | Reached skill level 10 in Dodging
 12056 | Spider:4 | Noticed a ghost moth
 12071 | Spider:4 | Killed a ghost moth
 12130 | Spider:4 | Reached skill level 5 in Throwing
 12201 | Spider:4 | Reached XP level 16. HP: 72/144 MP: 23/27
 12207 | Spider:4 | Noticed Arachne
 12466 | Spider:4 | Reached skill level 1 in Earth Magic
 12714 | Spider:4 | Reached skill level 5 in Earth Magic
 12796 | Spider:4 | Got a gossamer rune of Zot
 13145 | Lair:1   | Learned a level 5 spell: Borgnjor's Vile Clutch
 13155 | Lair:1   | Learned a level 6 spell: Iron Shot
 13631 | D:13     | Reached skill level 18 in Axes
 13645 | D:13     | Found a gate to the Vaults.
 13676 | Vaults:1 | Entered Level 1 of the Vaults
 13824 | Vaults:1 | Found Meg Ryiv's Gadget Emporium.
 13848 | Vaults:1 | Bought a wand of clouds (7) for 693 gold pieces
 13876 | Vaults:1 | Found Kunotosi's Book Shoppe.
 14152 | Vaults:1 | Found Qamiassaz's General Store.
 14166 | Vaults:1 | Found Vicavoys's Antique Weapon Boutique.
 14197 | Vaults:1 | Bought a scroll of blinking for 90 gold pieces
 14418 | Vaults:1 | Reached skill level 19 in Axes
 14429 | Vaults:1 | Reached XP level 17. HP: 152/152 MP: 27/27
 14560 | Vaults:1 | Found Jazy Rofaus's Magic Scroll Boutique.
 14581 | Vaults:1 | Bought a scroll of random uselessness for 16 gold pieces
 14813 | Vaults:2 | Lost mutation: You passively map a large area around you. [potion of mutation]
 14813 | Vaults:2 | Lost mutation: You are surrounded by a mild repulsion field. (EV +2) [potion of mutation]
 14813 | Vaults:2 | Lost mutation: You occasionally shout uncontrollably at your foes. [potion of mutation]
 14813 | Vaults:2 | Lost mutation: Your skin changes colour to match your surroundings (Stealth+). [potion of mutation]
 14813 | Vaults:2 | Gained mutation: Armour fits poorly on your strangely shaped body. [potion of mutation]
 14813 | Vaults:2 | Gained mutation: You are weak. (Str -2) [potion of mutation]
 14813 | Vaults:2 | Gained mutation: You can translocate small distances at will. [potion of mutation]
 14886 | Vaults:2 | Reached skill level 5 in Transmutations
 14990 | Vaults:2 | Found a magical portal.
 15002 | WizLab   | Entered Cigotuvi's Fleshworks
 15253 | WizLab   | Identified Cigotuvi's Collected Works on Doomed Transmigration
 15268 | WizLab   | Noticed Cigotuvi's Monster
 15467 | WizLab   | Gained mutation: You are very weak. (Str -4) [a cacodemon]
 15538 | WizLab   | Paralysed by a floating eye for 2 turns
 15603 | WizLab   | Got a crude turquoise ring
 15606 | WizLab   | Identified the ring "Xuplar" {rF++ SInv} (You found it in a wizard's laboratory)
 15654 | WizLab   | Paralysed by a floating eye for 4 turns
 15826 | WizLab   | Killed Cigotuvi's Monster
 15883 | WizLab   | Lost mutation: Armour fits poorly on your strangely shaped body. [potion of mutation]
 15883 | WizLab   | Lost mutation: You are covered in fur. (AC +1) [potion of mutation]
 15883 | WizLab   | Gained mutation: Your spells are a little easier to cast, but a little less powerful. [potion of mutation]
 15883 | WizLab   | Gained mutation: Your skin changes colour to match your surroundings (Stealth+). [potion of mutation]
 15883 | WizLab   | Gained mutation: You are partially covered in iridescent scales. (AC +2) [potion of mutation]
 15884 | WizLab   | Lost mutation: Your spells are a little easier to cast, but a little less powerful. [potion of mutation]
 15884 | WizLab   | Lost mutation: You are very weak. (Str -4) [potion of mutation]
 15884 | WizLab   | Lost mutation: You are weak. (Str -2) [potion of mutation]
 15884 | WizLab   | Gained mutation: You possess an exceptional clarity of mind. [potion of mutation]
 15985 | Vaults:2 | Found a gateway to a bazaar.
 16048 | Vaults:2 | Reached skill level 10 in Earth Magic
 16492 | Vaults:2 | Killed from afar by a deep elf annihilator

Skill      XL: |  1  2  3  4  5  6  7  8  9 10 11 12 13 14 15 16 17 |
---------------+----------------------------------------------------+-----
Unarmed Combat | 3 |  3.2
Fighting       | 1 2 5 6 8 9 |  9.8
Spellcasting   | 2 3 7 9 |  9.2
Axes           | 3 5 8 11 12 13 14 15 17 19 | 19.2
Evocations     | 8 |  8.3
Shields        | 5 |  5.0
Throwing       | 2 5 |  5.1
Invocations    | 6 8 |  8.4
Dodging        | 5 7 10 | 10.0
Armour         | 9 11 | 11.6
Translocations | 6 9 |  9.2
Transmutations | 4 9 |  9.5
Earth Magic    | 7 10 | 10.3

Action                   |  1- 3 |  4- 6 |  7- 9 | 10-12 | 13-15 | 16-18 || total
-------------------------+-------+-------+-------+-------+-------+-------++-------
Melee: Unarmed           |   116 |    72 |       |       |       |       ||   188
       Kick              |    12 |     7 |     7 |    16 |    52 |    58 ||   152
       Headbutt          |     2 |     2 |       |       |       |       ||     4
       Punch             |       |     2 |     3 |       |       |       ||     5
       Hand axe          |       |    52 |   241 |   521 |  1127 |   520 ||  2461
       Mace              |       |       |       |       |   143 |       ||   143
       Battleaxe         |       |       |       |       |       |   610 ||   610
 Fire: Blowgun           |       |    23 |    10 |    20 |       |       ||    53
Throw: Tomahawk          |       |       |     5 |       |    16 |     1 ||    22
 Cast: Beastly Appendage |    17 |     6 |     3 |     3 |     8 |    15 ||    52
       Sticks to Snakes  |     8 |    11 |       |       |     3 |       ||    22
       Apportation       |       |       |       |       |    40 |    25 ||    65
       Blink             |       |       |       |       |    41 |    22 ||    63
       Summon Lightning  |       |       |       |       |     2 |       ||     2
       Statue Form       |       |       |       |       |       |     2 ||     2
       Borgnjor's Vile C |       |       |       |       |       |     1 ||     1
Invok: Lesser Servant of |       |       |       |     9 |    13 |     8 ||    30
       Greater Servant o |       |       |       |       |     2 |     5 ||     7
       Major Destruction |       |       |       |       |       |     1 ||     1
 Abil: Heal Wounds       |     1 |     5 |       |     2 |     6 |    14 ||    28
Evoke: Wand              |       |       |     2 |    16 |     6 |     7 ||    31
       Box of beasts     |       |       |       |       |       |     3 ||     3
  Use: Scroll            |       |     9 |     6 |     8 |    15 |    14 ||    52
       Potion            |       |       |    10 |     3 |    16 |    12 ||    41
 Stab: Distracted        |       |     1 |       |     4 |     3 |    10 ||    18
       Sleeping          |       |       |     3 |     3 |       |       ||     6
       Paralysed         |       |       |       |    15 |       |       ||    15
  Eat: Chunk             |       |     6 |     7 |    11 |    13 |     6 ||    43
       Ration            |       |       |       |       |     1 |     6 ||     7
Armor: Robe              |    24 |    20 |       |       |       |       ||    44
       Troll leather arm |       |     6 |    46 |    14 |       |       ||    66
       Storm dragon scal |       |       |       |   110 |   503 |   361 ||   974
       Swamp dragon scal |       |       |       |       |   241 |    46 ||   287
       Skin              |       |       |       |       |       |    47 ||    47
Dodge: Dodged            |    77 |   100 |   126 |   168 |   770 |   719 ||  1960
Block: Buckler           |       |       |     4 |    67 |   338 |   108 ||   517
